 Dungeon Crawl Stone Soup version 0.29.1-1-gd02db6906a (webtiles) character file.

Game seed: 2792988296442679881

426 Earthwalker the Slasher (level 6, -2/53 HPs)
             Began as a Minotaur Fighter on Oct 10, 2022.
             Slain by a kobold brigand
             ... wielding a +0 club
              (3 damage)
             ... on level 5 of the Dungeon.
             The game lasted 00:05:51 (3211 turns).

Earthwalker the Slasher (Minotaur Fighter)          Turns: 3211, Time: 00:05:52

Health: -2/53      AC: 12    Str: 20    XL:     6   Next: 64%
Magic:  5/5        EV:  6    Int:  5    God:
Gold:   280        SH:  5    Dex: 12    Spells: 5/5 levels left

rFire   . . .      SeeInvis .   a - +0 long sword
rCold   . . .      Faith    .   c - +0 buckler
rNeg    . . .      Spirit   .   n - +0 plate armour
rPois   .          Reflect  .   (helmet restricted)
rElec   .          Harm     .   (no cloak)
rCorr   .          Rampage  .   (no gloves)
Will    .....                   (no boots)
Stlth   ..........              (no amulet)
HPRegen 0.17/turn               (no ring)
MPRegen 0.09/turn               (no ring)

@: no status effects
A: horns 2, retaliatory headbutt
a: no special abilities


You were on level 5 of the Dungeon.
You visited 1 branch of the dungeon, and saw 5 of its levels.

You collected 280 gold pieces.

Inventory:

Hand Weapons
 a - a +0 long sword (weapon)
Armour
 b - a +0 scale mail
 c - a +0 buckler (worn)
 f - a +2 robe of resistance
 n - a +0 plate armour (worn)
 r - a +0 scale mail of cold resistance
Jewellery
 k - a ring of protection from fire
 p - an amulet of magic regeneration
Scrolls
 g - a scroll of immolation
 i - a scroll of identify
 j - a scroll of magic mapping {unknown}
 l - 4 scrolls of poison
 m - a scroll of fog {unknown}
Potions
 d - 3 potions of might
 e - 6 potions of curing
 h - 2 potions of cancellation {unknown}
 o - a potion of degeneration {unknown}
 q - a potion of flight {unknown}


   Skills:
 + Level 4.6 Fighting
 + Level 5.9 Long Blades
 + Level 5.8 Armour
 + Level 1.1 Dodging
 + Level 0.1 Stealth
 + Level 4.4 Shields


You had 5 spell levels left.
You didn't know any spells.
Your spell library was empty.

Dungeon Overview and Level Annotations

Branches:
Dungeon (5/15)
 Temple: D:4-7

Altars:
Gozag
Hepliaklqana
The Shining One

Shops:
D:1 *


Innate Abilities, Weirdness & Mutations

You have a pair of horns on your head.
You reflexively headbutt those who attack you in melee.


Message History

You closely miss the white imp.
The kobold shouts!
A kobold comes into view. It is wielding a +0 dagger.
The white imp hits you but does no damage.
You block the worm's attack.
You hit the white imp. Your headbutt misses the white imp.
The white imp is moderately wounded.
The white imp barely misses you.
You slash the white imp!
You kill the white imp!
The worm completely misses you.
A kobold comes into view.
It is wielding a +0 short sword of flaming.
The kobold hits you but does no damage.
You slash the kobold brigand!
Your headbutt misses the kobold brigand.
The kobold brigand is moderately wounded.
The kobold brigand hits you but does no damage.
The kobold hits you but does no damage. You block the worm's attack.
You hit the kobold brigand.
The kobold brigand is heavily wounded.
The kobold barely misses you. You furiously retaliate!
You headbutt the kobold!
You kill the kobold!
You hit the kobold.
You kill the kobold!
The kobold brigand hits you with a +0 club.
* * * LOW HITPOINT WARNING * * *
The worm bites you but does no damage. The kobold hits you but does no damage.
The kobold brigand hits you but does no damage.
The worm bites you.
* * * LOW HITPOINT WARNING * * *
You see here a +0 short sword.
You hit the worm.
The worm is severely wounded.
The kobold hits you with a +0 dagger.
* * * LOW HITPOINT WARNING * * *
The kobold brigand hits you but does no damage.
The kobold barely misses you.
The kobold brigand hits you with a +0 club.
You die...

#.....#.##........#
#.....#.#.........#
#.....#.#.........####
##..#.#.#!.$.†....[...
....#.#.#.........###
.#....[.#.........######
####...##.#.#...........
# ##...#.#.....K....##
#####.#...#.###w@....#
#.....##..#. #KK....#
#..#### .... ..........#
#..# .............###
#..# ....>.......#
#..### ......#.#.###
#....# ##....#.#.#
..##.# #.##.#.#.# ####.#


You could see a kobold brigand, a worm and 2 kobolds.

Vanquished Creatures
  A water moccasin (D:5)
  An ogre (D:5)
  A phantom (D:5)
  An orc wizard (D:5)
  3 gnolls (D:2)
  3 adders (D:2)
  A white imp (D:5)
  A worm (D:2)
  2 dart slugs (D:2)
  3 orcs (D:5)
  8 endoplasms
  3 giant cockroaches (D:1)
  7 goblins
  7 hobgoblins
  5 jackals
  7 kobolds
  A quokka (D:2)
  10 ball pythons
  4 bats
  5 frilled lizards
  7 rats
81 creatures vanquished.

Notes
Turn   | Place    | Note
-------+----------+-------------------------------------------
     0 | D:1      | Earthwalker the Minotaur Fighter began the quest for the
                  | Orb.
     0 | D:1      | Reached XP level 1. HP: 19/19 MP: 0/0
   102 | D:1      | Found Oluag's General Store.
   333 | D:1      | Reached XP level 2. HP: 27/27 MP: 1/1
   379 | D:1      | Found a faded altar of an unknown god.
   838 | D:1      | Reached XP level 3. HP: 32/33 MP: 2/2
  1560 | D:2      | Reached XP level 4. HP: 38/40 MP: 3/3
  2207 | D:3      | Found a hazy altar of Hepliaklqana.
  2499 | D:3      | Found a glowing golden altar of the Shining One.
  2778 | D:4      | Reached XP level 5. HP: 35/47 MP: 4/4
  2784 | D:5      | Entered Level 5 of the Dungeon
  2802 | D:5      | Found an opulent altar of Gozag.
  2805 | D:5      | Noticed an ogre
  2819 | D:5      | Killed an ogre
  2820 | D:5      | Reached skill level 5 in Armour
  2820 | D:5      | Reached skill level 1 in Dodging
  2923 | D:5      | Noticed a phantom
  2933 | D:5      | Killed a phantom
  2934 | D:5      | Reached skill level 5 in Long Blades
  2934 | D:5      | Reached XP level 6. HP: 50/53 MP: 5/5
  3070 | D:5      | Noticed a water moccasin
  3081 | D:5      | Killed a water moccasin
  3211 | D:5      | HP: 1/53 [kobold/+0 dagger (2)]
  3211 | D:5      | Slain by a kobold brigand

Illustrated notes

Levels and vault maps discovered:
D:1:      eino_arrival_cavern_a, layout_basic,
          hellmonk_ecumenical_altar_run_dry, serial_shops, shop,
          minmay_misc_feat_four_crosses, serial_park_tiny_2
D:2:      layout_rooms
D:3:      layout_basic, amcnicky_altar_gilded,
          mainiacjoe_overflow_surrounded_room
D:4:      layout_layer_cave, nicolae_qazlal_general_emergency,
          nzn_wu_jian_council_hall, uniq_sigmund, uniq_natasha, uniq_eustachio
D:5:      layout_basic, mainiacjoe_overflow_paths

Skill      XL: |  1  2  3  4  5 |
---------------+----------------+-----
Armour         | 4 5 |  5.8
Fighting       | 4 |  4.6
Shields        | 4 |  4.4
Long Blades    | 3 4 5 |  5.9
Dodging        | 1 |  1.1
Stealth        | |  0.1

Action                   |  1- 3 |  4- 6 || total
-------------------------+-------+-------++-------
Melee: Long sword        |   104 |    90 ||   194
       Headbutt          |    12 |    14 ||    26
  Use: Scroll            |       |     6 ||     6
Armor: Scale mail        |    38 |    13 ||    51
       Plate armour      |       |    63 ||    63
Dodge: Dodged            |    55 |    43 ||    98
Block: Buckler           |    22 |    27 ||    49
